 Dungeon Crawl Stone Soup version 0.29-a0-243-g602b31c20e (webtiles) character file.

Game seed: 4190214196450640649

107 sammy202020 the Skirmisher (level 4, -1/37 HPs)
             Began as a Demonspawn Berserker on Mar 5, 2022.
             Was a Believer of Trog.
             Killed from afar by Natasha (7 damage)
             ... with a puff of flame
             ... on level 2 of the Dungeon.
             The game lasted 00:03:53 (2433 turns).

sammy202020 the Skirmisher (Demonspawn Berserker)   Turns: 2433, Time: 00:03:53

Health: -1/37      AC:  6    Str: 17    XL:     4   Next: 56%
Magic:  4/4        EV: 16    Int: 11    God:    Trog [**....]
Gold:   111        SH:  0    Dex: 12    Spells: 3/3 levels left

rFire   . . .      SeeInvis .   a - +0 mace
rCold   . . .      Faith    .   (no shield)
rNeg    . . .      Spirit   .   c - +0 leather armour
rPois   .          Reflect  .   (no helmet)
rElec   .          Harm     .   (no cloak)
rCorr   .          Rampage  .   (no gloves)
Will    .....                   (no boots)
Stlth   +.........              (no amulet)
HPRegen 0.12/turn               f - +4 ring of evasion
MPRegen 0.09/turn               (no ring)

@: no status effects
A: icy blue scales 2
a: Renounce Religion, Berserk, Trog's Hand


You were on level 2 of the Dungeon.
You worshipped Trog.
Trog was pleased with you.
You visited 1 branch of the dungeon, and saw 2 of its levels.

You collected 111 gold pieces.

Inventory:

Hand Weapons
 a - a +0 mace (weapon)
Missiles
 b - 8 poisoned darts (quivered)
Armour
 c - a +0 leather armour (worn)
Jewellery
 f - a +4 ring of evasion (left hand)
Scrolls
 i - a scroll of identify {unknown}
Potions
 d - 2 potions of ambrosia {unknown}
 e - a potion of might {unknown}
 g - a potion of heal wounds {unknown}
 h - a potion of resistance
 j - a potion of berserk rage {unknown}
 k - 2 potions of mutation {unknown}
 l - a potion of curing {unknown}
 m - a potion of haste {unknown}
 n - a potion of magic {unknown}


   Skills:
 + Level 3.7 Fighting
 + Level 3.3 Maces & Flails
 + Level 2.6 Armour
 + Level 2.6 Dodging


You had 3 spell levels left.
You didn't know any spells.
Your spell library was empty.

Dungeon Overview and Level Annotations

Branches:
Dungeon (2/15)

Altars:

Annotations:
D:2 Natasha


Innate Abilities, Weirdness & Mutations

You are mostly covered in icy blue scales. (AC +3)


Message History

You barely miss Natasha.
Natasha is severely wounded.
The crimson imp hits you but does no damage.
Natasha zaps a wand.
The puff of flame misses you.
You closely miss Natasha.
Natasha is severely wounded.
The crimson imp closely misses you. Natasha misses you.
The crimson imp barely misses you.
You hit Natasha.
Natasha is severely wounded.
Natasha claws you!
* * * LOW HITPOINT WARNING * * *
The crimson imp misses you.
Natasha zaps a wand.
The puff of flame misses you.
You thump Natasha!
You kill Natasha!
Trog accepts your kill.
Trog appreciates your killing of a magic user.
Natasha growls in agony!
The crimson imp disappears in a puff of smoke!
Unknown command.
You start resting.
Natasha, Servant of Life and Death comes into view.
She is carrying a wand of flame (10).
You see here a +0 leather armour.
You start resting.
Natasha is nearby!
Natasha hisses angrily.
Natasha drinks a potion.
Natasha suddenly seems more resistant.
Natasha growls.
Natasha casts a spell at you. The magic dart hits you.
Natasha zaps a wand.
The puff of flame hits you!
* * * LOW HITPOINT WARNING * * *
Natasha howls an incantation.
You feel troubled.
Natasha mumbles some strange words.
Natasha's front paws start to glow.
Natasha zaps a wand.
The puff of flame hits you.
* * * LOW HITPOINT WARNING * * *
Natasha zaps a wand.
The puff of flame hits you!
You die...

...# #..........#.###..###....
##.# ###.#######..##..........
... ##.## #..#............ ....
##... ......#.#........ ....#
##...## #..###......##### #.h#.#
###.......#.#...... ##...[#
#...####....######. # ##...###
#..#......########.
##.#..#.#####.@##..รท###........
#..........h............#######
###..#.#......###..###### #
#........####.###....#
#........####.....##.#
#............##....#.###
#...............##.#...####
#####..........###...#....#
#......<...# ###..###.###


You could see Natasha (resistant).

Vanquished Creatures
  Natasha (twice) (D:2)
  An adder (D:2)
  A dart slug (D:2)
  4 endoplasms
  A giant cockroach (D:2)
  9 goblins
  4 hobgoblins
  A quokka (D:1)
  5 ball pythons
  6 bats
  5 frilled lizards
  2 kobolds (D:1)
  6 rats
47 creatures vanquished.

Notes
Turn   | Place    | Note
-------+----------+-------------------------------------------
     0 | D:1      | sammy202020 the Demonspawn Berserker began the quest for
                  | the Orb.
     0 | D:1      | Reached XP level 1. HP: 18/18 MP: 1/1
    14 | D:1      | Noticed a ghoul
    14 | D:1      | Noticed a formicid
    16 | D:1      | Noticed a naga
    16 | D:1      | Noticed a human
    18 | D:1      | Noticed a gargoyle
    20 | D:1      | Noticed an octopode
    20 | D:1      | Noticed a demonspawn
    22 | D:1      | Noticed a vampire
    24 | D:1      | Noticed a draconian
    26 | D:1      | Noticed a tengu
    26 | D:1      | Noticed an ogre
    28 | D:1      | Noticed an elf
    30 | D:1      | Noticed a minotaur
    30 | D:1      | Noticed a demigod
    32 | D:1      | Noticed a dwarf
    32 | D:1      | Noticed a troll
    34 | D:1      | Noticed a spriggan
    34 | D:1      | Noticed a merfolk
    36 | D:1      | Noticed a vine stalker
    38 | D:1      | Noticed a felid
   612 | D:1      | Gained mutation: You are partially covered in icy blue
                  | scales. (AC +2) [demonic ancestry]
   612 | D:1      | Reached XP level 2. HP: 2/24 MP: 2/2
  1026 | D:1      | Found a faded altar of an unknown god.
  1662 | D:2      | Gained mutation: You are mostly covered in icy blue scales.
                  | (AC +3) [demonic ancestry]
  1662 | D:2      | Reached XP level 3. HP: 28/29 MP: 3/3
  1695 | D:2      | Reached ** piety under Trog
  2127 | D:2      | Noticed Natasha
  2143 | D:2      | Killed Natasha
  2144 | D:2      | Reached XP level 4. HP: 18/36 MP: 4/4
  2302 | D:2      | Noticed Natasha
  2314 | D:2      | Killed Natasha
  2403 | D:2      | Noticed Natasha
  2433 | D:2      | Killed from afar by Natasha

Illustrated notes

Levels and vault maps discovered:
D:1:      kb_arrival_jail, layout_loops_ring, chequers_ecumenical_altar_simple,
          roderic_serpentine_path
D:2:      layout_rooms, kennysheep_generic_room_12, uniq_natasha

Skill      XL: |  1  2 |
---------------+-------+-----
Dodging        | 2 |  2.6
Armour         | 2 |  2.6
Maces & Flails | 3 |  3.3
Fighting       | |  3.7

Action                   |  1- 3 |  4- 6 || total
-------------------------+-------+-------++-------
Melee: Mace              |   143 |     8 ||   151
       Punch             |     1 |       ||     1
Invok: Berserk           |     1 |       ||     1
  Use: Scroll            |     1 |       ||     1
Armor: Leather armour    |    46 |     3 ||    49
Dodge: Dodged            |   137 |     6 ||   143

Table legend: (Time is in decaauts)
 A = Elapsed time spent in this place.
 B = Non-inter-level travel time spent in this place.
 C = Inter-level travel time spent in this place.
 D = Time resting spent in this place.
 E = Time spent auto-exploring this place.
 F = Levels seen in this place.
 G = Mean time per level.
                   A        B        C        D        E       F      G
               +--------+--------+--------+--------+--------+-----+--------+
         Total |   2482 |   2482 |      0 |    458 |   1516 |   2 | 1241.0 |
       Dungeon |   2482 |   2482 |      0 |    458 |   1516 |   2 | 1241.0 |
               +--------+--------+--------+--------+--------+-----+--------+

Top non-repeatable levels by time:
     D:1: 1671 daAuts
     D:2: 811 daAuts
